 Dungeon Crawl Stone Soup version 0.21-a0-351-g38363bb (webtiles) character file.

68 tidbits the Charmwright (level 4, 38/38 HPs)
             Began as a Gnoll Skald on Oct 9, 2017.
             Was an Initiate of Ashenzari.
             Quit the game on level 2 of the Dungeon.
             The game lasted 00:04:06 (510 turns).

tidbits the Charmwright (Gnoll Skald)                Turns: 510, Time: 00:04:07

Health: 38/38      AC:  5    Str: 14    XL:     4   Next: 19%
Magic:  10/11      EV: 13    Int: 16    God:    Ashenzari [......]
Gold:   89         SH:  0    Dex: 14    Spells: 2/13 levels left

rFire    . . .     SeeInvis .   a - +0 hand axe
rCold    . . .     Gourm    .   (no shield)
rNeg     . . .     Faith    .   B - +0 ring mail
rPois    .         Spirit   .   (no helmet)
rElec    .         Reflect  .   (no cloak)
rCorr    .         Harm     .   (no gloves)
MR       +....                  (no boots)
Stlth    +.........             R - amulet of regeneration
HPRegen  0.52/turn              H - ring of protection from magic
MPRegen  0.12/turn              (no ring)

@: infused (expiring)
A: distributed training, fangs 1, strong nose
a: Curse Item, Renounce Religion


You were on level 2 of the Dungeon.
You worshipped Ashenzari.
Ashenzari was noncommittal.
You were not hungry.

You visited 1 branch of the dungeon, and saw 2 of its levels.

You collected 89 gold pieces.

Inventory:

Hand Weapons
 a - a +0 hand axe (weapon)
Missiles
 j - 27 arrows
Armour
 b - a +0 leather armour
 l - a +0 plate armour
 B - a +0 ring mail (worn)
Jewellery
 H - a ring of protection from magic (left hand)
   (You found it on level 1 of the Dungeon)
 R - an amulet of regeneration (around neck)
   (You found it on level 1 of the Dungeon)
Scrolls
 e - a scroll of fear
 f - 3 scrolls of recharging
 h - a scroll of teleportation
Potions
 g - a potion of magic {unknown}
Books
 c - a book of Battle

   Spells                             Type                      Level
   a - Infusion                       Charms                       1
   b - Shroud of Golubria             Charms/Translocation         2
   c - Song of Slaying                Charms                       2
   d - Spectral Weapon                Hexes/Charms                 3
   e - Regeneration                   Charms/Necromancy            3
Comestibles
 d - 2 bread rations
 i - a meat ration
 k - 4 fruits


   Skills:
 + Level 4.6 Fighting
 + Level 1.0 Short Blades
 + Level 1.0 Long Blades
 + Level 4.6 Axes
 + Level 1.0 Maces & Flails
 + Level 1.0 Polearms
 + Level 1.0 Staves
 + Level 1.0 Slings
 + Level 1.0 Bows
 + Level 1.0 Crossbows
 + Level 1.0 Throwing
 + Level 2.7 Armour
 + Level 4.6 Dodging
 + Level 1.0 Stealth
 + Level 1.0 Shields
 + Level 1.0 Unarmed Combat
 + Level 5.0 Spellcasting
 + Level 1.0 Conjurations
 + Level 1.0 Hexes
 + Level 6.6 Charms
 + Level 1.0 Summonings
 + Level 1.0 Necromancy
 + Level 1.0 Translocations
 + Level 1.0 Transmutations
 + Level 1.0 Fire Magic
 + Level 1.0 Ice Magic
 + Level 1.0 Air Magic
 + Level 1.0 Earth Magic
 + Level 1.0 Poison Magic
 + Level 1.0 Invocations
 + Level 1.0 Evocations


You had 2 spell levels left.
You knew the following spells:

 Your Spells              Type           Power        Failure   Level  Hunger
g - Shroud of Golubria    Chrm/Tloc      ###.......   10%         2    #......
i - Infusion              Chrm           ####         1%          1    None
r - Regeneration          Chrm/Necr      ###.......   19%         3    ###....
w - Spectral Weapon       Hex/Chrm       ###.....     19%         3    ###....
y - Song of Slaying       Chrm           ####....     3%          2    #......


Dungeon Overview and Level Annotations

Branches:
Dungeon (2/15)

Altars:
Ashenzari
Makhleb

Annotations:
D:2 2 transporters


Innate Abilities, Weirdness & Mutations

Your experience applies equally to all skills.
You have very sharp teeth.
Your uncanny sense of smell can sniff out nearby items.


Message History

Your magical infusion is running out.
You are no longer magically infusing your attacks.
There is an open door here.
Natasha, Servant of Life and Death comes into view.
Casting: Infusion
Confirm with . or Enter, or press ? or * to list all spells.
You begin infusing your attacks with magical energy.
Natasha casts a spell.
You hit Natasha.
Natasha is moderately wounded.
Natasha barely misses you. Natasha closely misses you.
You closely miss Natasha.
Natasha is moderately wounded.
Natasha closely misses you.
You closely miss Natasha.
Natasha is moderately wounded.
You closely miss the crimson imp. The crimson imp hits you. Natasha claws you.
You closely miss Natasha.
Natasha is moderately wounded.
You miss the crimson imp. The crimson imp barely misses you.
Natasha claws you but does no damage.
You barely miss Natasha.
Natasha is moderately wounded.
You closely miss the crimson imp.
The crimson imp hits you but does no damage.
Natasha casts a spell at you. The magic dart hits you!
You slash Natasha!
Natasha is almost dead.
You closely miss the crimson imp. The crimson imp barely misses you.
Natasha barely misses you.
You slash Natasha!
You kill Natasha!
Natasha growls in agony!
The crimson imp disappears in a puff of smoke!
Your Short Blades skill increases to level 1!
Your Long Blades skill increases to level 1!
Your Maces & Flails skill increases to level 1!
Your Polearms skill increases to level 1!
Your Staves skill increases to level 1!
Your Slings skill increases to level 1!
Your Bows skill increases to level 1!
Your Crossbows skill increases to level 1!
Your Throwing skill increases to level 1!
Your Stealth skill increases to level 1!
Your Shields skill increases to level 1!
Your Unarmed Combat skill increases to level 1!
Your Conjurations skill increases to level 1!
Your Hexes skill increases to level 1!
Your Summonings skill increases to level 1!
Your Necromancy skill increases to level 1!
Your Translocations skill increases to level 1!
Your Transmutations skill increases to level 1!
Your Fire Magic skill increases to level 1!
Your Ice Magic skill increases to level 1!
Your Air Magic skill increases to level 1!
Your Earth Magic skill increases to level 1!
Your Poison Magic skill increases to level 1!
Your Invocations skill increases to level 1!
Your Evocations skill increases to level 1!
You have reached level 4!
You feel stronger.
Unknown command.
Memorise Regeneration, consuming 3 spell levels and leaving 5?
You start memorising the spell.
You continue memorising. x3
You finish memorising.
Spell assigned to 'r'.
Memorise Spectral Weapon, consuming 3 spell levels and leaving 2?
You start memorising the spell.
You continue memorising. x3
You finish memorising.
Spell assigned to 'w'.
A rat comes into view.
You hit the rat.
You kill the rat!
Your magical infusion is running out.
A leopard gecko comes into view.
The leopard gecko hisses angrily.
The rat twitches its whiskers.
You hit the leopard gecko. You bite the leopard gecko.
You kill the leopard gecko!
You are no longer magically infusing your attacks.
Found a fruit.
Found 18 gold pieces.
Found 9 gold pieces.
The rat twitches its whiskers.
Press: ? - help, v - describe, . - travel A burning altar of Makhleb.
Okay, then.
k - 4 fruits (gained 1)
A leopard gecko comes into view.
Found 27 stones.
The leopard gecko hisses angrily.
Your ring mail prevents you from hitting the leopard gecko.
The leopard gecko misses you. x2
Unknown command.
Casting: Infusion
Confirm with . or Enter, or press ? or * to list all spells.
You begin infusing your attacks with magical energy.
The leopard gecko closely misses you.
You hit the leopard gecko.
You kill the leopard gecko!
Your magical infusion is running out.
Are you sure you want to abandon this character and quit the game? (Confirm with "yes".)

.#########....#
..............#
######.####..##
#.####..# #.......##
######.#.## #######
#....## #.....#
##.....######.#
#......@......#
##.....######.###.##
#.....## #.....(..#
#.....## #..##..#.#
........# #.†....#
#####.### #...##.#
#.# #...# .# #.
#.... .# #+ ##.... .


There were no monsters in sight!

Vanquished Creatures
  Natasha (twice) (D:2)
  An ooze (D:1)
  3 leopard geckos
  2 giant cockroaches
  A goblin (D:1)
  2 hobgoblins (D:1)
  2 bats
  A frilled lizard (D:1)
  2 rats (D:2)
16 creatures vanquished.

Vanquished Creatures (others)
  4 toadstools (D:1)
4 creatures vanquished.

Grand Total: 20 creatures vanquished

Notes
Turn   | Place    | Note
-------+----------+-------------------------------------------
     0 | D:1      | tidbits the Gnoll Skald began the quest for the Orb.
     0 | D:1      | Reached XP level 1. HP: 20/20 MP: 6/6
    77 | D:1      | Reached XP level 2. HP: 25/26 MP: 3/7
    81 | D:1      | Learned a level 2 spell: Song of Slaying
    84 | D:1      | Learned a level 2 spell: Shroud of Golubria
   326 | D:2      | Found a transporter.
   330 | D:2      | Found a burning altar of Makhleb.
   330 | D:2      | Found a transporter.
   333 | D:2      | Noticed a kobold demonologist
   375 | D:2      | Found a shattered altar of Ashenzari.
   375 | D:2      | Noticed Natasha
   380 | D:2      | Killed Natasha
   380 | D:2      | Reached skill level 5 in Spellcasting
   380 | D:2      | Reached XP level 3. HP: 24/31 MP: 4/9
   386 | D:2      | Became a worshipper of Ashenzari the Shackled
   419 | D:2      | Noticed Natasha
   429 | D:2      | Killed Natasha
   429 | D:2      | Reached skill level 1 in Short Blades
   429 | D:2      | Reached skill level 1 in Long Blades
   429 | D:2      | Reached skill level 1 in Maces & Flails
   429 | D:2      | Reached skill level 1 in Polearms
   429 | D:2      | Reached skill level 1 in Staves
   429 | D:2      | Reached skill level 1 in Slings
   429 | D:2      | Reached skill level 1 in Bows
   429 | D:2      | Reached skill level 1 in Crossbows
   429 | D:2      | Reached skill level 1 in Throwing
   429 | D:2      | Reached skill level 1 in Stealth
   429 | D:2      | Reached skill level 1 in Shields
   429 | D:2      | Reached skill level 1 in Unarmed Combat
   429 | D:2      | Reached skill level 1 in Conjurations
   429 | D:2      | Reached skill level 1 in Hexes
   429 | D:2      | Reached skill level 1 in Summonings
   429 | D:2      | Reached skill level 1 in Necromancy
   429 | D:2      | Reached skill level 1 in Translocations
   429 | D:2      | Reached skill level 1 in Transmutations
   429 | D:2      | Reached skill level 1 in Fire Magic
   429 | D:2      | Reached skill level 1 in Ice Magic
   429 | D:2      | Reached skill level 1 in Air Magic
   429 | D:2      | Reached skill level 1 in Earth Magic
   429 | D:2      | Reached skill level 1 in Poison Magic
   429 | D:2      | Reached skill level 1 in Invocations
   429 | D:2      | Reached skill level 1 in Evocations
   429 | D:2      | Reached XP level 4. HP: 27/38 MP: 4/11
   434 | D:2      | Learned a level 3 spell: Regeneration
   438 | D:2      | Learned a level 3 spell: Spectral Weapon
   510 | D:2      | Quit the game

Vault maps used:
D:1:      ldierk_water_garden
D:2:      gammafunk_temple_overflow_arena, fedhas_altar_3,
          nicolae_ashenzari_panopticon, elyvilon_altar_5, uniq_natasha

Skill      XL: |  1  2  3 |
---------------+----------+-----
Spellcasting   | 5 |  5.0
Short Blades   | 1 |  1.0
Long Blades    | 1 |  1.0
Maces & Flails | 1 |  1.0
Polearms       | 1 |  1.0
Staves         | 1 |  1.0
Slings         | 1 |  1.0
Bows           | 1 |  1.0
Crossbows      | 1 |  1.0
Throwing       | 1 |  1.0
Stealth        | 1 |  1.0
Shields        | 1 |  1.0
Unarmed Combat | 1 |  1.0
Conjurations   | 1 |  1.0
Hexes          | 1 |  1.0
Summonings     | 1 |  1.0
Necromancy     | 1 |  1.0
Translocations | 1 |  1.0
Transmutations | 1 |  1.0
Fire Magic     | 1 |  1.0
Ice Magic      | 1 |  1.0
Air Magic      | 1 |  1.0
Earth Magic    | 1 |  1.0
Poison Magic   | 1 |  1.0
Invocations    | 1 |  1.0
Evocations     | 1 |  1.0
Fighting       | |  4.6
Axes           | |  4.6
Armour         | |  2.7
Dodging        | |  4.6
Charms         | |  6.6

Action                   |  1- 3 |  4- 6 || total
-------------------------+-------+-------++-------
Melee: Hand axe          |    38 |     4 ||    42
       Bite              |     1 |     1 ||     2
 Cast: Infusion          |     8 |     1 ||     9
  Use: Scroll            |     4 |       ||     4
Armor: Leather armour    |     3 |       ||     3
       Ring mail         |     3 |       ||     3
Dodge: Dodged            |    32 |     3 ||    35

Table legend:
 A = Spawn XP
 B = Non-spawn XP
 C = Spawn XP percentage of total XP
 D = Spawn monster count
 E = Non-spawn monster count
 F = Spawn count percentage of total count
 G = Total turns spent on level
                    A         B        C        D         E        F      G
               +---------+---------+-------+---------+---------+-------+---------
         Total |       0 |      98 |   0.0 |       0 |      16 |   0.0 |   510
               +---------+---------+-------+---------+---------+-------+---------
           D:1 |       0 |      19 |   0.0 |       0 |       8 |   0.0 |   301
           D:2 |       0 |      79 |   0.0 |       0 |       8 |   0.0 |   209
               +---------+---------+-------+---------+---------+-------+---------

Table legend:
 A = Turns spent in this place as a percentage of turns spent in the entire game.
 B = Non-inter-level travel turns spent in this place as a percentage of non-inter-level travel turns spent in the entire game.
 C = Inter-level travel turns spent in this place as a percentage of turns spent in this place.
 D = Turns resting spent in this place as a percentage of non-inter-level travel turns spent in this place.
 E = Turns spent auto-exploring this place as a percentage of non-inter-level travel turns spent in this place.
 F = Non-inter-level travel turns spent in this place divided by the number of levels of this place that you've seen.
                   A       B       C       D       E      F
               +-------+-------+-------+-------+-------+----------------------
         Total | 100.0 | 100.0 |   3.9 |   0.0 |   0.0 | 245.0
       Dungeon | 100.0 | 100.0 |   3.9 |   0.0 |   0.0 | 245.0
               +-------+-------+-------+-------+-------+----------------------

Table legend:
 A = Kills in this place as a percentage of kills in entire the game.
 B = Kills by you in this place as a percentage of kills by you in the entire game.
 C = Kills by friends in this place as a percentage of kills by friends in the entire game.
 D = Other kills in this place as a percentage of other kills in the entire game.
 E = Experience gained in this place as a percentage of experience gained in the entire game.
 F = Experience gained in this place divided by the number of levels of this place that you have seen.
                   A       B       C       D       E      F
               +-------+-------+-------+-------+-------+----------------------
         Total | 100.0 | 100.0 |   N/A |   N/A | 100.0 |  49.0
       Dungeon | 100.0 | 100.0 |   N/A |   N/A | 100.0 |  49.0
               +-------+-------+-------+-------+-------+----------------------

Vault maps used:
D:1:      ldierk_water_garden
D:2:      gammafunk_temple_overflow_arena, fedhas_altar_3,
          nicolae_ashenzari_panopticon, elyvilon_altar_5, uniq_natasha
